 Dungeon Crawl Stone Soup version 0.31-a0-222-gefeffbb62a (webtiles) character file.

Game seed: 5448316103304933098

167 qw the Shooter (level 5, -2/30 HPs)
             Began as a Gargoyle Hexslinger on July 5, 2023.
             Killed from afar by an orc wizard (7 damage)
             ... with a magic dart
             ... on level 4 of the Dungeon.
             The game lasted 00:01:08 (2353 turns).

qw the Shooter (Gargoyle Hexslinger)                Turns: 2353, Time: 00:01:09

Health: -2/30      AC: 10    Str: 12    XL:     5   Next: 48%
Magic:  6/6        EV: 10    Int: 13    God:
Gold:   119        SH:  0    Dex: 14    Spells: 5/6 levels left

rFire   + . .        Y - +1 sling
rCold   . . .        (no shield)
rNeg    + . .        j - +1 ring mail {rF+}
rPois   inf          (no helmet)
rElec   +            (no cloak)
rCorr   .            (no gloves)
SInv    .            (no boots)
Will    .....        (no amulet)
Stlth   +            (no ring)
HPRegen 0.25/turn    (no ring)
MPRegen 0.10/turn

%: no passive effects
@: no status effects
A: sickness immunity, AC +4, negative energy resistance 1, electricity
resistance, torment resistance 1, petrification resistance
a: no special abilities


You were on level 4 of the Dungeon.
You visited 1 branch of the dungeon, and saw 4 of its levels.

You collected 119 gold pieces.


Innate Abilities, Weirdness & Mutations

You are immune to sickness and miasma.
Your stone body is resilient. (AC +4)
You are immune to poison.
You resist negative energy. (rN+)
You are resistant to electric shocks. (rElec)
You are resistant to unholy torment.
You are immune to petrification.


   Skills:
 + Level 2.2 Fighting
 - Level 5.0 Ranged Weapons
 - Level 1.0 Armour
 - Level 1.5 Dodging
 - Level 1.0 Spellcasting
 - Level 2.6 Hexes


You had 5 spell levels left.
You knew the following spells:

 Your Spells              Type           Power      Damage    Failure   Level
a - Slow                  Hex            28%        N/A       22%         1

Your spell library contained the following spells:

 Spells                   Type           Power      Damage    Failure   Level
 Inner Flame              Hex/Fire       4%         N/A       73%         3
 Portal Projectile        Hex/Tloc       8%         N/A       73%         3
 Cause Fear               Hex            3%         N/A       91%         4

Inventory:

Hand Weapons
 Y - a +1 sling (weapon)
Armour
 j - a +1 ring mail of fire resistance (worn)
Potions
 b - a potion of curing
 c - a potion of mutation {unknown}
 d - a potion of attraction {unknown}
 g - a potion of enlightenment {unknown}
 h - a potion of heal wounds {unknown}
 i - 3 potions of might

Dungeon Overview and Level Annotations

Branches:
Dungeon (4/15)
 Temple: D:4-7

Altars:


Message History

The orc wizard gestures at you while chanting.
The magic dart hits you but does no damage.
You shoot a sling bullet.
The sling bullet hits the orc wizard but does no damage.
An orc wizard comes into view. It is wielding a +0 dagger.
You shoot a sling bullet. The sling bullet hits the orc wizard.
The orc wizard is lightly wounded.
An orc comes into view. It is wielding a +0 war axe.
You shoot a sling bullet. The sling bullet hits the orc wizard.
The orc wizard is lightly wounded.
The orc wizard points at you and mumbles some strange words.
The magic dart hits you!
You shoot a sling bullet.
The sling bullet barely misses the orc wizard.
The sling bullet closely misses the orc wizard.
You shoot a sling bullet. The sling bullet misses the orc wizard.
The orc wizard points at you and mumbles some strange words.
You resist with some effort.
You shoot a sling bullet.
The sling bullet closely misses the orc wizard.
The orc wizard gestures at you while chanting.
The puff of flame hits you. You resist.
You shoot a sling bullet.
The sling bullet closely misses the orc wizard.
The orc wizard hits you with a +0 dagger.
You shoot a sling bullet.
The sling bullet closely misses the orc wizard.
The orc wizard hits you but does no damage.
You shoot a sling bullet. The sling bullet hits the orc wizard.
The orc wizard is moderately wounded.
The orc wizard hits you but does no damage.
You shoot a sling bullet. The sling bullet hits the orc wizard.
The orc wizard is heavily wounded.
The orc wizard hits you with a +0 dagger of holy wrath.
The orc wizard points at you and mumbles some strange words.
The magic dart hits you.
The orc wizard hits you but does no damage.
The orc wizard gestures at you while chanting.
The magic dart hits you!
You die...

<#.## #...##.#
.%..# #....#.##
)...# #.......#
....# #...##..#
.#.##
#...##..######.#
.#.#
#...##.......... .
.#.#
#...####.######...
.#..
...........o......
.###
##########.@oo####
####.# .. ##


You could see 2 orc wizards and an orc.

Vanquished Creatures
  A gnoll (D:1)
  6 adders
  6 worms
  2 dart slugs (D:2)
  8 orcs (D:3)
  3 bats
  6 endoplasms
  2 giant cockroaches
  8 goblins
  6 hobgoblins
  4 jackals (D:1)
  7 kobolds
  2 quokkas (D:1)
  5 ball pythons
  2 frilled lizards (D:1)
  5 rats
73 creatures vanquished.

Notes
Turn   | Place    | Note
-------+----------+-------------------------------------------
     0 | D:1      | qw the Gargoyle Hexslinger began the quest for the Orb.
     0 | D:1      | Reached XP level 1. HP: 12/12 MP: 2/2
     0 | D:1      | 0 ||| qw: Version: 0.3-a-46-gb1f654a
     0 | D:1      | 0 ||| qw: Game counter: 1044
     0 | D:1      | 0 ||| qw: Melee chars always use a shield: true
     0 | D:1      | 0 ||| qw: God list: Okawaru
     0 | D:1      | 0 ||| qw: Allow faded altars: false
     0 | D:1      | 0 ||| qw: Do Orc after clearing Dungeon:15 true
     0 | D:1      | 0 ||| qw: Do second Lair branch before Depths: true
     0 | D:1      | 0 ||| qw: Lair rune preference: random
     0 | D:1      | 0 ||| qw: Goals: Normal
     0 | D:1      | 0 ||| PLANNING D:1-11
   103 | D:1      | Reached skill level 3 in Ranged Weapons
   103 | D:1      | Reached XP level 2. HP: 16/16 MP: 3/3
   154 | D:1      | Reached XP level 3. HP: 21/21 MP: 4/4
   433 | D:1      | Found a faded altar of an unknown god.
   706 | D:1      | 706 ||| UPGRADING to +0 ring mail.
   716 | D:1      | 716 ||| DROPPING +0 robe.
   717 | D:1      | 717 ||| UPGRADING to +1 ring mail of fire resistance.
   727 | D:1      | 727 ||| DROPPING +0 ring mail.
   728 | D:1      | 728 ||| READING scroll labelled LOICKI LASTO.
   729 | D:1      | 729 ||| READING scroll labelled OTYX DACVIAZ.
   730 | D:1      | 730 ||| DRINKING 2 sapphire potions.
   731 | D:1      | 731 ||| DROPPING scroll of poison.
   778 | D:2      | 778 ||| STAIRDANCE
   805 | D:1      | Reached XP level 4. HP: 26/26 MP: 5/5
   847 | D:2      | Reached skill level 4 in Ranged Weapons
  1058 | D:2      | Reached skill level 1 in Armour
  1388 | D:2      | 1388 ||| READING scroll labelled HUSKUK GOSHANIPSU.
  1389 | D:2      | 1389 ||| READING scroll labelled KENUTZ OZUGHA.
  1505 | D:3      | Reached XP level 5. HP: 26/30 MP: 6/6
  2033 | D:3      | 2033 ||| Stepping ~*~*~tactically~*~*~ (outnumbered).
  2035 | D:3      | 2035 ||| Stepping ~*~*~tactically~*~*~ (outnumbered).
  2055 | D:3      | Reached skill level 5 in Ranged Weapons
  2281 | D:3      | 2281 ||| READING scroll labelled PEODWEANTI.
  2282 | D:3      | 2282 ||| DRINKING 2 fizzy purple potions.
  2353 | D:4      | HP: 5/30 [orc wizard/magic dart (5)]
  2353 | D:4      | Killed from afar by an orc wizard

Levels and vault maps discovered:
D:1:      elethiomel_arrival_maze, layout_basic,
          ebering_ecumenical_altar_sacrificial
D:2:      layout_rooms
D:3:      layout_loops_ring, kennysheep_generic_room_9
D:4:      layout_basic, minmay_cut_off

Skill      XL: |  1  2  3  4  5 |
---------------+----------------+-----
Ranged Weapons | 3 4 5 |  5.0
Fighting       | 2 |  2.2
Armour         | 1 |  1.0
Dodging        | |  1.5
Spellcasting   | |  1.0
Hexes          | |  2.6

Action                     |  1- 3 |  4- 6 || total
---------------------------+-------+-------++-------
   Fire: Sling             |   109 |   212 ||   321
    Use: Scroll            |     2 |     3 ||     5
         Potion            |     1 |     1 ||     2
 Armour: Robe              |    11 |       ||    11
         Ring mail         |    39 |    54 ||    93
  Dodge: Dodged            |    50 |    56 ||   106

Table legend:
 A = Non-vault XP
 B = Vault XP
 C = Vault XP percentage of total XP
 D = Non-vault monster count
 E = Vault monster count
 F = Vault count percentage of total count
                 A         B        C        D         E       F
            +---------+---------+-------+---------+---------+-------
      Total |     238 |       1 |   0.4 |      72 |       1 |   1.4
            +---------+---------+-------+---------+---------+-------
        D:1 |      84 |       0 |   0.0 |      27 |       0 |   0.0
        D:2 |      73 |       0 |   0.0 |      22 |       0 |   0.0
        D:3 |      78 |       1 |   1.3 |      21 |       1 |   4.5
        D:4 |       3 |       0 |   0.0 |       2 |       0 |   0.0
            +---------+---------+-------+---------+---------+-------
